 Dungeon Crawl Stone Soup version 0.24.0-123-gd5b16e6ec5 (webtiles) character file.

Game seed: 892526045263850252, levelgen mode: deterministic

602 FishyPogo the Skirmisher (level 7, -6/56 HPs)
             Began as a Demonspawn Gladiator on Dec 29, 2019.
             Was a Believer of Nemelex Xobeh.
             Mangled by a wyvern (15 damage)
             ... summoned by the player character
             ... on level 1 of the Abyss.
             The game lasted 00:18:23 (4405 turns).

FishyPogo the Skirmisher (Demonspawn Gladiator)     Turns: 4405, Time: 00:18:24

Health: -6/56      AC:  4    Str: 16    XL:     7   Next: 18%
Magic:  0/8        EV: 13    Int:  9    God:    Nemelex Xobeh [**....]
Gold:   226        SH:  0    Dex: 15    Spells: 6/6 levels left

rFire    + . .     SeeInvis .   a - +0 flail
rCold    . . .     Gourm    .   (no shield)
rNeg     . . .     Faith    .   q - +0 leather armour (curse)
rPois    .         Spirit   +   c - +0 helmet
rElec    .         Reflect  .   (no cloak)
rCorr    .         Harm     .   (no gloves)
MR       .....                  (no boots)
Stlth    +.........             (no amulet)
HPRegen  0.18/turn              (no ring)
MPRegen  0.22/turn              (no ring)

@: no status effects
A: talons 1, [blurry vision 2], fire resistance 1, [low mp 2], magic shield,
magic regeneration
a: Draw Escape, Draw Destruction, Draw Summoning, Renounce Religion


You were on level 1 of the Abyss.
You worshipped Nemelex Xobeh.
Nemelex Xobeh was pleased with you.
You were near starving.

You visited 1 branch of the dungeon, and saw 6 of its levels.
You visited the Abyss 1 time.

You collected 226 gold pieces.

Inventory:

Hand Weapons
 a - a +0 flail (weapon)
 u - a +0 vampiric falchion
Missiles
 d - 3 throwing nets
 g - 206 stones
 m - 8 javelins
 v - 8 poisoned darts (quivered)
Armour
 c - a +0 helmet (worn)
 q - a cursed +0 leather armour (worn)
 E - a cursed +0 chain mail
Wands
 D - a wand of enslavement (8)
 F - a wand of acid (5)
Scrolls
 b - a scroll of fear {unknown}
 e - a scroll of identify
 k - 3 scrolls of amnesia
 n - 4 scrolls of remove curse {unknown}
 o - a scroll of random uselessness {unknown}
 r - a scroll of immolation {unknown}
 s - a scroll of enchant weapon {unknown}
 t - 2 scrolls of teleportation
 y - a scroll of enchant armour {unknown}
 B - a scroll of magic mapping {unknown}
Potions
 h - a potion of degeneration {unknown}
 i - a potion of curing
 j - a potion of brilliance
 l - 3 potions of agility
 p - a potion of mutation
 w - 2 potions of lignification
 x - 2 potions of might
 z - a potion of flight
 C - a potion of invisibility
Comestibles
 f - 9 rations


   Skills:
 * Level 5.2 Fighting
 - Level 4.0 Maces & Flails
 - Level 2.0 Throwing
 + Level 2.8 Armour
 - Level 3.0 Dodging
 * Level 4.0 Invocations


You had 6 spell levels left.
You didn't know any spells.
Your spell library was empty.

Dungeon Overview and Level Annotations

Branches:
Dungeon (6/15)             Temple (0/1) D:5

Altars:
Cheibriados
Fedhas
Gozag
Nemelex Xobeh
Vehumet

Shops:
D:4 =


Innate Abilities, Weirdness & Mutations

You have sharp toenails.
Your flesh is heat resistant. (rF+)
When hurt, damage is shared between your health and your magic reserves.
You regenerate magic rapidly.
[Scrolls take you longer to read.]
[Your magical capacity is very low. (-20% MP)]


Message History

The wretched star pulses with an eldritch light!
You feel less energetic. x2
Your wyvern twists and deforms. x2
Your wyvern bites the wretched star.
The wyvern bites you. The wyvern bites you!
Your wyvern bites the wretched star.
The wyvern bites you!
* * * LOW HITPOINT WARNING * * *
The wretched star pulses with an eldritch light!
Your vision blurs. x2
Your wyvern twists and deforms. x2
Your wyvern misses the wretched star. The wyvern misses you.
The wyvern barely misses you.
Your wyvern closely misses the wretched star.
Your wyvern bites the wretched star but does no damage. x3
Really read with blurry vision while enemies are nearby?
The wyvern bites you!
* * * LOW HITPOINT WARNING * * *
The wyvern bites you!
You die...
Your body glows slightly and disappears.

# #. .# # #
## # .#.##.
..## #. .##
.# .. ..###
#### #.
#.#.. #..# ≈
.##.. #.#.
#≈≈≈≈.#....#
# # .≈≈≈
####### #
###≈≈#l@.#
#≈≈#l###
#.##.#
##...# #...#
#..l# #...#
###l# #...*.


You could see 2 wyverns and 2 friendly wyverns.

Vanquished Creatures
  A sky beast (D:5)
  A centaur (D:6)
  A howler monkey (D:4)
  A crimson imp (D:5)
  A bullfrog zombie (D:5)
  An orc wizard (D:4)
  An orc priest (D:4)
  A hound (D:5)
  A centaur skeleton (D:5)
  An iguana (D:4)
  4 adders
  A shadow imp (D:5)
  2 oozes
  2 adder skeletons (D:4)
  An adder zombie (D:5)
  4 worms
  A dart slug (D:3)
  A leopard gecko (D:2)
  9 orcs
  A ball python (D:1)
  10 giant cockroaches
  6 goblins
  6 hobgoblins
  3 jackals
  2 quokkas
  A ball python zombie (D:5)
  8 bats
  7 frilled lizards
  5 kobolds
  A quokka skeleton (D:6)
  5 rats
90 creatures vanquished.

Vanquished Creatures (others)
  An orc wizard (D:4)
  An orc (D:4)
  A giant cockroach (D:4)
3 creatures vanquished.

Grand Total: 93 creatures vanquished

Notes
Turn   | Place    | Note
-------+----------+-------------------------------------------
     0 | D:1      | FishyPogo the Demonspawn Gladiator began the quest for the
                  | Orb.
     0 | D:1      | Reached XP level 1. HP: 16/16 MP: 1/1
   245 | D:1      | Gained mutation: When hurt, damage is shared between your
                  | health and your magic reserves. [demonic ancestry]
   245 | D:1      | Reached XP level 2. HP: 21/22 MP: 2/2
   851 | D:2      | Gained mutation: You regenerate magic rapidly. [demonic
                  | ancestry]
   851 | D:2      | Reached XP level 3. HP: 28/28 MP: 3/3
  1064 | D:2      | Reached skill level 1 in Armour
  1310 | D:2      | Reached skill level 3 in Fighting
  1562 | D:2      | Reached XP level 4. HP: 29/35 MP: 2/4
  1915 | D:3      | You fall into a shaft and drop 1 floor!
  1945 | D:4      | Reached XP level 5. HP: 32/42 MP: 3/5
  2029 | D:4      | Reached skill level 4 in Fighting
  2061 | D:3      | Found a blossoming altar of Fedhas.
  2061 | D:3      | Found a sparkling altar of Nemelex Xobeh.
  2061 | D:3      | Found an opulent altar of Gozag.
  2061 | D:3      | Found a snail-covered altar of Cheibriados.
  2076 | D:3      | Became a worshipper of Nemelex Xobeh the Trickster
  2110 | D:4      | Found a radiant altar of Vehumet.
  2142 | D:4      | Received a gift from Nemelex Xobeh
  2183 | D:4      | Found Xecomuan's Jewellery Boutique.
  2261 | D:4      | Reached skill level 1 in Invocations
  2763 | D:3      | Reached * piety under Nemelex Xobeh
  3115 | D:4      | Gained mutation: You have sharp toenails. [demonic
                  | ancestry]
  3115 | D:4      | Reached XP level 6. HP: 37/49 MP: 5/7
  3186 | D:5      | Entered Level 5 of the Dungeon
  3278 | D:5      | Noticed a sky beast
  3304 | D:5      | Killed a sky beast
  3676 | D:5      | Found a staircase to the Ecumenical Temple.
  3750 | D:5      | Reached skill level 5 in Fighting
  3998 | D:5      | Gained mutation: Your flesh is heat resistant. (rF+)
                  | [demonic ancestry]
  3998 | D:5      | Reached XP level 7. HP: 52/56 MP: 7/9
  4067 | D:6      | Received a gift from Nemelex Xobeh
  4092 | D:6      | Cast into level 1 of the Abyss (drawing a card)
  4092 | Abyss:1  | Reached ** piety under Nemelex Xobeh
  4186 | Abyss:1  | Noticed a large abomination
  4211 | Abyss:1  | Noticed an orange demon
  4218 | Abyss:1  | Noticed a small abomination
  4258 | Abyss:1  | Noticed a large abomination
  4295 | Abyss:1  | Noticed a raiju
  4310 | Abyss:1  | Noticed a raiju
  4319 | Abyss:1  | Noticed a raiju
  4383 | Abyss:1  | Noticed a worldbinder
  4395 | Abyss:1  | Noticed a wretched star
  4397 | Abyss:1  | Noticed a wyvern
  4397 | Abyss:1  | Noticed a wyvern
  4405 | Abyss:1  | Mangled by a wyvern

Levels and vault maps discovered:
D:1:      dpeg_arrival_tiny_c, layout_rooms, nrook_uturn,
          minmay_misc_feat_more_columns, minmay_misc_feat_tiny
D:2:      layout_basic, kennysheep_decorative_pillar, hangedman_decor_slide_cut,
          minmay_worlds_worst_comb
D:3:      layout_rooms, nicolae_overflow_hidden_temple, st_stairs_11
D:4:      layout_cave_pools, fiery_altar_vehumet, serial_shops,
          nicolae_shop_behind_doors
D:5:      layout_rooms, minmay_temple_entry_statues_pillars, first_ration,
          roderic_lattice_a, hangedman_abyss_or_decor_stabs
D:6:      layout_loops_ring, uniq_eustachio, uniq_duvessa
Abyss:1:  base: D:2, small_statue_intersection, hangedman_abyss_feature_spike,
          hangedman_abyss_feature_spike

Skill      XL: |  1  2  3  4  5  6  7 |
---------------+----------------------+-----
Throwing       | 2 |  2.0
Dodging        | 3 |  3.0
Maces & Flails | 3 4 |  4.0
Armour         | 1 2 |  2.8
Fighting       | 3 4 5 |  5.2
Invocations    | 1 3 4 |  4.0

Action                   |  1- 3 |  4- 6 |  7- 9 || total
-------------------------+-------+-------+-------++-------
Melee: Flail             |   133 |   218 |     3 ||   354
       Kick              |       |    20 |     1 ||    21
Throw: Stone             |    10 |    11 |       ||    21
       Dart              |       |     7 |       ||     7
 Abil: Draw Destruction  |       |     1 |     1 ||     2
       Draw Escape       |       |       |     2 ||     2
       Draw Summoning    |       |       |     1 ||     1
  Use: Potion            |       |     3 |       ||     3
       Scroll            |       |       |     9 ||     9
 Stab: Sleeping          |     3 |     1 |       ||     4
  Eat: Chunk             |     2 |     8 |       ||    10
Armor: Leather armour    |    50 |    74 |     1 ||   125
Dodge: Dodged            |    99 |   161 |     7 ||   267
